 Dungeon Crawl Stone Soup version 0.31-a0-202-g547052bce9 (webtiles) character file.

Game seed: 16529472834255782320

792 qw the Skirmisher (level 7, -6/40 HPs)
             Began as a Deep Elf Hunter on June 26, 2023.
             Mangled by a lemure (10 damage)
             ... led by Pikel
             ... on level 6 of the Dungeon.
             The game lasted 00:01:40 (3843 turns).

qw the Skirmisher (Deep Elf Hunter)                 Turns: 3843, Time: 00:01:40

Health: -6/40      AC:  6    Str: 10    XL:     7   Next: 57%
Magic:  9/9        EV: 11    Int: 14    God:
Gold:   243        SH:  0    Dex: 18    Spells: 6/6 levels left

rFire   . . .        Y - +0 shortbow (chaos)
rCold   . . .        (shield currently unavailable)
rNeg    . . .        h - +0 ring mail
rPois   +            (no helmet)
rElec   .            (no cloak)
rCorr   .            j - +0 pair of gloves
SInv    .            (no boots)
Will    +....        i - amulet of regeneration
Stlth   +            k - ring of poison resistance
HPRegen 1.06/turn    o - ring of willpower
MPRegen 0.11/turn

%: no passive effects
@: about to teleport
A: no striking features
a: no special abilities


You were on level 6 of the Dungeon.
You visited 1 branch of the dungeon, and saw 6 of its levels.

You collected 243 gold pieces.


   Skills:
 - Level 2.2 Fighting
 + Level 11.5 Ranged Weapons
 - Level 1.0 Armour
 - Level 3.2 Dodging
 - Level 1.2 Stealth


You had 6 spell levels left.
You didn't know any spells.
Your spell library was empty.

Inventory:

Hand Weapons
 Y - a +0 shortbow of chaos (weapon)
Armour
 h - a +0 ring mail (worn)
 j - a +0 pair of gloves (worn)
Jewellery
 c - a ring of poison resistance
 i - an amulet of regeneration (around neck)
 k - a ring of poison resistance (left hand)
 l - a ring of fire
 o - a ring of willpower (right hand)
Scrolls
 a - 3 scrolls of identify
 d - 2 scrolls of teleportation
Potions
 b - 2 potions of might
 e - 3 potions of heal wounds
 f - a potion of cancellation

Dungeon Overview and Level Annotations

Branches:
Dungeon (6/15)
 Temple: D:4-7

Altars:

Shops:
D:3 :

Portals:
Abyss: D:5

Annotations:
D:5 2 transporters, qw's ghost, novice GrFi
D:6 Pikel


Message History

You shoot an arrow.
The arrow hits the lemure but does no damage.
The lemure is severely wounded.
The lemure hits you but does no damage. The lemure hits you.
You shoot an arrow. The arrow barely misses the lemure.
The lemure completely misses you. The lemure closely misses you.
The lemure barely misses you.
You shoot an arrow. The arrow hits the lemure!
You kill the lemure!
That felt strangely unrewarding.
The lemure hits you but does no damage.
You shoot an arrow. The arrow hits the lemure.
The lemure is poisoned.
The lemure is lightly wounded.
The lemure misses you. The lemure hits you.
Pikel says, "All the demons know me.
They respect me."
You shoot an arrow. The arrow barely misses the lemure.
The arrow closely misses the lemure.
The lemure closely misses you.
You shoot an arrow. The arrow hits the lemure.
The arrow burns the lemure.
The lemure is moderately wounded.
The lemure hits you! x2; Pikel hits you but does no damage.
The lemure hits you.
You shoot an arrow. The arrow hits the lemure.
The lemure convulses.
The lemure is severely wounded.
Pikel barely misses you. The lemure hits you but does no damage.
The lemure hits you. The lemure hits you but does no damage.
You shoot an arrow. The arrow hits the lemure.
The lemure goes berserk!
The lemure is almost dead.
The lemure misses you. The lemure hits you. Pikel closely misses you.
The lemure misses you.
You shoot an arrow.
The arrow hits the lemure but does no damage.
The lemure is almost dead.
The lemure hits you! The lemure closely misses you.
Pikel hits you with a +0 whip of freezing.
Pikel freezes you. The lemure hits you but does no damage.
3843 ||| READING 3 scrolls of teleportation.
As you read the scroll of teleportation, it crumbles to dust.
You feel strangely unstable. The lemure hits you!
You die...

#...........#
#....~~.....#
##..........#
#..#.~......#
######.....##
...~~~.....# ####...#
...~~.....# #...#
..#~~#....# ##..#
...#~##....#
######..##....#~ #....##
..............####....#.
......5@5.#.........../.
......K5### ......###..
........# ..... #..
........# ..... ##.
.!....?.. .... #.
......... ... #.
......... #. ..........
##. ##..


You could see Pikel (resistant) and 3 lemures.

Vanquished Creatures
  A phantom (D:6)
  A lemure (D:6)
  A bullfrog (D:6)
  A scorpion (D:4)
  A howler monkey (D:5)
  4 jellies
  A gnoll bouda (D:5)
  A hound (D:5)
  3 iguanas
  4 gnolls (D:5)
  7 adders
  2 shadow imps (D:6)
  4 ufetubi
  A worm (D:2)
  A dart slug (D:2)
  5 orcs
  7 ball pythons
  3 bats
  5 endoplasms
  7 giant cockroaches
  7 goblins
  6 hobgoblins
  6 jackals (D:4)
  7 quokkas
  2 frilled lizards (D:2)
  5 kobolds
  3 rats
96 creatures vanquished.

Vanquished Creatures (collateral kills)
  A phantom (D:5)
1 creature vanquished.

Grand Total: 97 creatures vanquished

Notes
Turn   | Place    | Note
-------+----------+-------------------------------------------
     0 | D:1      | qw the Deep Elf Hunter began the quest for the Orb.
     0 | D:1      | Reached XP level 1. HP: 12/12 MP: 3/3
     0 | D:1      | 0 ||| qw: Version: 0.3-a-22-g0ed2b0b
     0 | D:1      | 0 ||| qw: Game counter: 6282
     0 | D:1      | 0 ||| qw: Melee chars always use a shield: true
     0 | D:1      | 0 ||| qw: God list: Okawaru
     0 | D:1      | 0 ||| qw: Allow faded altars: false
     0 | D:1      | 0 ||| qw: Do Orc after clearing Dungeon:15 true
     0 | D:1      | 0 ||| qw: Do second Lair branch before Depths: true
     0 | D:1      | 0 ||| qw: Lair rune preference: random
     0 | D:1      | 0 ||| qw: Goals: Normal
     0 | D:1      | 0 ||| PLANNING D:1-11
    83 | D:1      | Reached skill level 6 in Ranged Weapons
    83 | D:1      | Reached XP level 2. HP: 16/16 MP: 4/4
    83 | D:1      | Found a faded altar of an unknown god.
   564 | D:1      | 564 ||| READING 3 scrolls labelled YGOYWA REAN.
   565 | D:1      | 565 ||| READING scroll labelled DEIJUE WIV ZEVAEN.
   566 | D:1      | 566 ||| READING scroll labelled RUOHEJ VOKIHAG.
   570 | D:1      | 570 ||| READING 2 scrolls of identify.
   570 | D:1      | 570 ||| IDENTIFYING glowing amethyst potion
   571 | D:1      | 571 ||| DROPPING scroll of butterflies.
   717 | D:2      | Reached XP level 3. HP: 20/20 MP: 5/5
   906 | D:2      | Identified the +11 mace of Ephuajoa {protect, rElec rPois}
  1025 | D:2      | Reached skill level 7 in Ranged Weapons
  1232 | D:2      | 1232 ||| READING scroll labelled UJUHAMN BOREM.
  1233 | D:2      | 1233 ||| READING scroll labelled NEOGHIKHLI.
  1270 | D:2      | 1270 ||| READING scroll labelled NEUTIUKIZE.
  1271 | D:2      | 1271 ||| READING scroll labelled JEYCAPSUOR.
  1272 | D:2      | 1272 ||| READING 4 scrolls of identify.
  1272 | D:2      | 1272 ||| IDENTIFYING inky potion
  1273 | D:2      | 1273 ||| READING 3 scrolls of identify.
  1273 | D:2      | 1273 ||| IDENTIFYING blue potion
  1274 | D:2      | 1274 ||| READING 2 scrolls of identify.
  1274 | D:2      | 1274 ||| IDENTIFYING dark potion
  1275 | D:2      | 1275 ||| DROPPING potion of invisibility.
  1302 | D:3      | Reached XP level 4. HP: 25/25 MP: 6/6
  1394 | D:3      | Found Kurown's Book Shoppe.
  1965 | D:3      | 1965 ||| UPGRADING to +0 ring mail.
  1975 | D:3      | 1975 ||| DROPPING +0 leather armour.
  1976 | D:3      | 1976 ||| UPGRADING to +0 pair of gloves.
  1981 | D:3      | 1981 ||| UPGRADING to amulet of regeneration.
  1986 | D:3      | 1986 ||| UPGRADING to ring of poison resistance.
  2070 | D:4      | Reached skill level 8 in Ranged Weapons
  2085 | D:4      | Reached XP level 5. HP: 24/29 MP: 7/7
  2583 | D:4      | Reached skill level 9 in Ranged Weapons
  2615 | D:4      | Reached XP level 6. HP: 30/35 MP: 8/8
  2732 | D:4      | 2732 ||| UPGRADING to ring of willpower.
  2733 | D:4      | 2733 ||| READING scroll labelled GOMONG MONNEAMP.
  2734 | D:4      | 2734 ||| READING scroll labelled CUSEQO YVYUHUP.
  2835 | D:4      | 2835 ||| DRINKING 2 orange potions.
  2836 | D:4      | 2836 ||| READING 4 scrolls of identify.
  2836 | D:4      | 2836 ||| IDENTIFYING ruby potion
  2837 | D:4      | 2837 ||| READING 3 scrolls of identify.
  2837 | D:4      | 2837 ||| IDENTIFYING murky pink potion
  2838 | D:4      | 2838 ||| DROPPING potion of attraction.
  2839 | D:4      | 2839 ||| DROPPING potion of magic.
  2840 | D:4      | 2840 ||| DROPPING potion of berserk rage.
  2880 | D:5      | Entered Level 5 of the Dungeon
  2887 | D:5      | 2887 ||| STAIRDANCE
  2920 | D:5      | Found a one-way gate to the infinite horrors of the Abyss.
  2920 | D:5      | Noticed qw's ghost (novice GrFi)
  2927 | D:5      | 2927 ||| Stepping ~*~*~tactically~*~*~ (outnumbered).
  2928 | D:5      | 2928 ||| Stepping ~*~*~tactically~*~*~ (outnumbered).
  2935 | D:5      | Reached skill level 10 in Ranged Weapons
  2935 | D:5      | 2935 ||| FLEEEEING.
  2972 | D:5      | Reached skill level 3 in Dodging
  3025 | D:5      | Found a transporter.
  3037 | D:5      | Noticed a small abomination
  3130 | D:5      | Found a transporter.
  3219 | D:5      | Reached skill level 1 in Armour
  3459 | D:5      | 3459 ||| READING scroll labelled KYFULU QIURA.
  3567 | D:5      | Reached XP level 7. HP: 37/40 MP: 9/9
  3605 | D:6      | 3605 ||| PLANNING SEWER
  3726 | D:6      | Reached skill level 11 in Ranged Weapons
  3827 | D:6      | Noticed Pikel
  3842 | D:6      | HP: 5/40 [lemure[Pikel] (11)]
  3843 | D:6      | 3843 ||| READING 3 scrolls of teleportation.
  3843 | D:6      | Mangled by a lemure

Levels and vault maps discovered:
D:1:      tarquinn_simple_flora_water_e, layout_rooms, basic_ecumenical_altar,
          st_stairs_8, minivault_27
D:2:      layout_loops_ring
D:3:      layout_basic, serial_shops, nicolae_shop_rolling_square
D:4:      minmay_diamond_boxcup, layout_loops_ring, corner_web_ring
D:5:      layout_loops_ring, gammafunk_ghost_abyssal_escape
D:6:      layout_cave_pods, gup_sewer_entry_spiral, serial_rivers,
          chequers_serial_rivers_small_3, chequers_serial_rivers_micro_c,
          chequers_serial_rivers_micro_c, chequers_serial_rivers_small_b,
          chequers_serial_rivers_micro_a, roderic_serpentine_path, hex_large,
          minmay_between, uniq_pikel

Skill      XL: |  1  2  3  4  5  6  7 |
---------------+----------------------+-----
Ranged Weapons | 6 7 8 9 10 11 | 11.5
Fighting       | 2 |  2.2
Dodging        | 3 |  3.2
Armour         | 1 |  1.0
Stealth        | |  1.2

Action                     |  1- 3 |  4- 6 |  7- 9 || total
---------------------------+-------+-------+-------++-------
   Fire: Shortbow          |   102 |   167 |    76 ||   345
    Use: Scroll            |    11 |     5 |     1 ||    17
         Potion            |       |     1 |       ||     1
 Armour: Leather armour    |     8 |     4 |       ||    12
         Ring mail         |       |    19 |    22 ||    41
  Dodge: Dodged            |    16 |    51 |    24 ||    91

Table legend:
 A = Non-vault XP
 B = Vault XP
 C = Vault XP percentage of total XP
 D = Non-vault monster count
 E = Vault monster count
 F = Vault count percentage of total count
                 A         B        C        D         E       F
            +---------+---------+-------+---------+---------+-------
      Total |     979 |     153 |  13.5 |      84 |      12 |  12.5
            +---------+---------+-------+---------+---------+-------
        D:1 |      28 |       4 |  12.5 |      17 |       2 |  10.5
        D:2 |      54 |       0 |   0.0 |      17 |       0 |   0.0
        D:3 |      49 |       0 |   0.0 |       9 |       0 |   0.0
        D:4 |     284 |      61 |  17.7 |      27 |       7 |  20.6
        D:5 |     297 |       0 |   0.0 |       9 |       0 |   0.0
        D:6 |     267 |      88 |  24.8 |       5 |       3 |  37.5
            +---------+---------+-------+---------+---------+-------
